 Dungeon Crawl Stone Soup version 0.30-a0-341-g682706514a (webtiles) character file.

Game seed: 793803986349896324

34 avis the Chopper (level 3, -5/33 HPs)
             Began as a Hill Orc Monk on Nov 2, 2022.
             Slain by an iron imp (10 damage)
             ... summoned by Natasha
             ... on level 2 of the Dungeon.
             The game lasted 00:06:35 (1128 turns).

avis the Chopper (Hill Orc Monk)                    Turns: 1128, Time: 00:06:36

Health: -5/33      AC:  3    Str: 15    XL:     3   Next: 31%
Magic:  3/3        EV: 12    Int: 10    God:
Gold:   99         SH:  0    Dex: 13    Spells: 2/2 levels left

rFire   . . .      SeeInvis .    a - +0 hand axe
rCold   . . .      Faith    .    (no shield)
rNeg    . . .      Spirit   .    b - +0 robe
rPois   .          Reflect  .    (no helmet)
rElec   .          Harm     .    e - +0 cloak
rCorr   .          Rampage  .    (no gloves)
Will    .....                    (no boots)
Stlth   ++........               (no amulet)
HPRegen 0.25/turn                (no ring)
MPRegen 0.08/turn                (no ring)

@: no status effects
A: no striking features
a: no special abilities


You were on level 2 of the Dungeon.
You visited 1 branch of the dungeon, and saw 2 of its levels.

You collected 99 gold pieces.

Inventory:

Hand Weapons
 a - a +0 hand axe (weapon)
 d - a +0 sling
Missiles
 n - 4 poisoned darts (quivered)
Armour
 b - a +0 robe (worn)
 e - a +0 cloak (worn)
Jewellery
 i - an amulet of regeneration
 m - a +4 ring of evasion
 p - a ring of ice
Scrolls
 f - a scroll of enchant weapon {unknown}
 h - 2 scrolls of noise {unknown}
 j - a scroll of fear {unknown}
 k - 2 scrolls of vulnerability {unknown}
 o - a scroll of blinking {unknown}
Potions
 c - a potion of lignification {unknown}
 g - 2 potions of brilliance {unknown}
 l - a potion of curing {unknown}


   Skills:
 + Level 4.2 Fighting
 * Level 5.2 Axes
 - Level 2.4 Dodging
 - Level 1.5 Stealth


You had 2 spell levels left.
You didn't know any spells.
Your spell library was empty.

Dungeon Overview and Level Annotations

Branches:
Dungeon (2/15)

Altars:

Annotations:
D:2 Natasha


Message History

The rat is heavily wounded.
The rat misses you.
You hit the rat.
You kill the rat!
You closely miss the ball python. The ball python closely misses you.
The ball python grabs you. The ball python constricts you.
Natasha, Servant of Life and Death comes into view.
You barely miss the ball python. The ball python closely misses you.
The ball python constricts you. The ball python closely misses you.
The ball python constricts you.
Natasha hisses angrily.
You hit the ball python.
You kill the ball python!
Natasha mumbles some strange words.
You see here a ball python corpse.
Natasha casts a spell.
You hit Natasha.
Natasha is moderately wounded.
You hit the white imp.
Natasha howls an incantation.
Natasha's front paws start to glow.
Natasha claws you!
The white imp hits you but does no damage.
You hit Natasha.
Natasha is heavily wounded.
You hit the white imp but do no damage. Natasha claws you.
The iron imp summons a swarm of flies.
The white imp hits you. The white imp freezes you.
You hit Natasha.
Natasha is almost dead.
You hit the iron imp but do no damage. You barely miss the white imp.
Natasha wildly gestures.
You feel troubled. Natasha casts a spell at you. The magic dart hits you.
The white imp gestures at you. The puff of frost hits you!
* * * LOW HITPOINT WARNING * * *
The iron imp hits you!
You die...

####... .....
......# #...#.#
##### #...#.# ....#
#...#.# ###.#
#5h.#.# ....#
#.@.#.# #.#.#
#5..#.# ..#.#
#.†.#.#############
###.#
#...#..............
###.#
#......(...........
....#
#...#.##############
#####. #...#.#
#.....#.... '......
+...#.# #.##..#.###
######### #...#.#
#.#...#.#


You could see an iron imp (summoned), Natasha and a white imp (summoned).

Vanquished Creatures
  2 adders (D:2)
  3 bats
  An endoplasm (D:1)
  3 goblins
  A quokka (D:1)
  4 ball pythons
  A frilled lizard (D:2)
  A rat (D:2)
16 creatures vanquished.

Vanquished Creatures (others)
  2 fungi (D:2)
2 creatures vanquished.

Grand Total: 18 creatures vanquished

Notes
Turn   | Place    | Note
-------+----------+-------------------------------------------
     0 | D:1      | avis the Hill Orc Monk began the quest for the Orb.
     0 | D:1      | Reached XP level 1. HP: 19/19 MP: 1/1
   317 | D:1      | Reached XP level 2. HP: 24/27 MP: 2/2
   762 | D:2      | Reached skill level 5 in Axes
   762 | D:2      | Reached XP level 3. HP: 28/33 MP: 3/3
  1120 | D:2      | Noticed Natasha
  1128 | D:2      | Slain by an iron imp

Illustrated notes

Levels and vault maps discovered:
D:1:      minmay_arrival_hallway, layout_basic, kennysheep_another_room,
          minmay_hexomino_p4
D:2:      layout_basic, uniq_natasha, uniq_crazy_yiuf_cottage

Skill      XL: |  1  2 |
---------------+-------+-----
Fighting       | 4 |  4.2
Axes           | 5 |  5.2
Dodging        | |  2.4
Stealth        | |  1.5

Action                   || total
-------------------------++-------
Melee: Hand axe          ||    90
  Use: Potion            ||     1
 Stab: Sleeping          ||     4
Armor: Robe              ||    25
Dodge: Dodged            ||    63

Table legend: (Time is in decaauts)
 A = Elapsed time spent in this place.
 B = Non-inter-level travel time spent in this place.
 C = Inter-level travel time spent in this place.
 D = Time resting spent in this place.
 E = Time spent auto-exploring this place.
 F = Levels seen in this place.
 G = Mean time per level.
                   A        B        C        D        E       F      G
               +--------+--------+--------+--------+--------+-----+--------+
         Total |   1135 |   1016 |    119 |     92 |    640 |   2 |  567.5 |
       Dungeon |   1135 |   1016 |    119 |     92 |    640 |   2 |  567.5 |
               +--------+--------+--------+--------+--------+-----+--------+

Top non-repeatable levels by time:
     D:1: 612 daAuts
     D:2: 522 daAuts
